Moose vs Condors
(R1)
Created - November 1, 2022 at 19:02
Goals
|
| Moose |
1 |
1 |
0 |
0 |
3 |
3 |
| Condors |
0 |
1 |
1 |
0 |
1 |
2 |
|
Shots
|
| Moose |
17 |
8 |
11 |
2 |
3 |
38 |
| Condors |
10 |
12 |
11 |
2 |
2 |
35 |
|
1st period
1. Moose , Mathieu Joseph 1 (Ludwig Bystrom 1, Dylan Strome 3) at 16:30
Penalties :
Brett Lernout (Bak) for Tripping (Minor) at 18:32
2nd period
2. Moose , Dylan Strome 2 (Roope Hintz 1) at 14:09 (PP)
3. Condors , Daniel Zaar 1 (Phil McRae 1) at 17:10
Penalties :
Nelson Nogier (Man) for Hooking (Minor) at 1:19, Nelson Nogier (Man) for Interference (Minor) at 8:50, Jesse Puljujarvi (Bak) for Tripping (Minor) at 13:30, Brett Lernout (Bak) for Tripping (Minor) at 17:28
3rd period
4. Condors , Mathew Barzal 1 (Adam Erne 1) at 4:27
Penalties :
Dominik Kahun (Man) for Hooking (Minor) at 5:51, Adam Erne (Bak) for Holding (Minor) at 6:24, Ludwig Bystrom (Man) for Tripping (Minor) at 8:52, Mathew Barzal (Bak) for Roughing (Minor) at 14:06
Overtime #1
No Goal
Penalties :
No Penalty
Shootout
Moose, Nathan Walker - Goal!
Condors, Anton Slepyshev - Stopped by Filip Gustavsson
Moose, Justin Bailey - Goal!
Condors, Daniel Zaar - Goal!
Moose, Roope Hintz - Goal!
Penalties :
No Penalty
Goalie Stats
Filip Gustavsson (Man), 33 saves from 35 shots - (0.943), W, 1-0-0, 65:00 minutes
Carter Hart (Bak), 36 saves from 38 shots - (0.947), OTL, 0-0-1, 65:00 minutes
Players Stats for Moose
Player Name G A P +/- PIM S H SB GA TA FO MP PP MP PK MP
------------------------------------------------------------------------------------
Boris Katchouk 0 0 0 0 0 1 2 0 1 0 0/0 6:47 0:00 0:00
Chase De Leo 0 0 0 0 0 2 0 0 0 0 2/3 8:33 0:13 0:26
Dominik Kahun 0 0 0 -2 2 4 0 0 0 0 11/25 22:25 3:36 3:01
Dylan Strome 1 1 2 1 0 6 0 1 1 1 11/28 22:42 3:33 1:45
Josh Mahura 0 0 0 -1 0 1 0 0 0 2 0/0 12:31 0:00 0:02
Julien Gauthier 0 0 0 0 0 0 0 0 0 0 0/0 9:34 0:00 0:00
Justin Bailey 0 0 0 -2 0 4 1 0 1 0 1/3 23:27 3:23 3:33
Juuso Valimaki 0 0 0 -1 0 2 0 0 0 0 0/0 17:51 2:18 2:41
Ludwig Bystrom 0 1 1 0 2 2 5 1 1 1 0/0 29:33 4:51 2:57
Mathieu Joseph 1 0 1 1 0 4 1 1 0 1 3/4 21:08 3:33 1:18
Matthew Benning 0 0 0 0 0 0 0 1 0 2 0/0 23:22 2:18 2:42
Michael McLeod 0 0 0 0 0 1 0 0 0 0 6/7 9:18 0:00 0:00
Mirco Mueller 0 0 0 0 0 2 1 4 1 0 0/0 29:49 4:51 4:20
Nathan Walker 0 0 0 -2 0 4 4 0 0 0 0/1 16:59 3:23 0:00
Nelson Nogier 0 0 0 0 4 0 2 2 0 2 0/0 17:29 0:00 0:18
Nikolay Goldobin 0 0 0 0 0 3 3 0 0 1 0/0 12:15 0:13 1:12
Roope Hintz 0 1 1 1 0 2 2 1 1 1 2/2 21:30 3:33 1:45
William Bitten 0 0 0 0 0 0 2 0 0 0 0/0 6:47 0:00 0:00
Players Stats for Condors
Player Name G A P +/- PIM S H SB GA TA FO MP PP MP PK MP
------------------------------------------------------------------------------------
Adam Erne 0 1 1 0 2 4 2 1 1 0 1/1 19:59 2:47 2:31
Alexandre Carrier 0 0 0 1 0 0 1 2 0 3 0/0 23:12 2:33 2:55
Anton Slepyshev 0 0 0 0 0 5 4 0 2 0 1/3 25:12 3:29 3:47
Brett Lernout 0 0 0 0 4 1 2 2 0 2 0/0 25:32 3:57 1:44
Christian Thomas 0 0 0 0 0 1 0 1 0 0 0/0 9:48 0:13 1:13
Daniel Zaar 1 0 1 1 0 5 3 1 1 0 0/1 13:32 3:29 0:00
Emil Djuse 0 0 0 0 0 0 0 1 0 0 0/0 4:25 0:00 0:00
Gustav Olofsson 0 0 0 0 0 0 0 1 0 0 0/0 10:23 0:00 0:24
Jack Dougherty 0 0 0 1 0 0 1 1 0 1 0/0 22:55 2:33 2:45
Jake Virtanen 0 0 0 0 0 4 1 1 0 0 0/0 15:16 2:48 0:00
Jesse Puljujarvi 0 0 0 0 2 2 0 0 0 0 1/2 14:57 0:13 0:00
Kiefer Sherwood 0 0 0 0 0 1 1 0 0 0 1/1 6:30 0:00 0:00
Mark Jankowski 0 0 0 0 0 2 2 0 2 0 20/36 25:03 3:36 3:47
Mathew Barzal 1 0 1 0 2 3 0 0 0 0 9/17 19:13 2:40 1:17
Michael Rasmussen 0 0 0 0 0 0 2 0 0 0 1/3 9:24 0:14 1:43
Phil McRae 0 1 1 1 0 1 0 0 1 0 3/9 11:45 0:00 0:00
Philippe Myers 0 0 0 0 0 0 0 0 0 0 0/0 12:21 0:00 2:16
Tyson Jost 0 0 0 1 0 1 0 0 0 0 0/0 10:04 0:00 0:00
Zac Leslie 0 0 0 0 0 5 4 4 4 0 0/0 31:49 3:57 4:14
3 Stars
1 - Dylan Strome (Man)
2 - Carter Hart (Bak)
3 - Filip Gustavsson (Man)
Power Play
Moose - 1 on 5 Attempt(s) - 20.00%
Condors - 0 on 4 Attempt(s) - 0.00%
Penalty Kill
Moose - 4 on 4 Attempt(s) - 100.00%
- Score 0 goal in Penalty Kill
Condors - 4 on 5 Attempt(s) - 80.00%
- Score 0 goal in Penalty Kill
Team Stat
Moose - Hits : 23 - Faceoff Wins : 36 - Blocked Shots : 11 - Penalty Minutes : 8
Condors - Hits : 23 - Faceoff Wins : 37 - Blocked Shots : 15 - Penalty Minutes : 10
Official
Referees : Furman South and Marc Joannette
Linesman : Libor Suchanek and Vaughan Rody
Game Notes
No Game Note
Finance
Level 1 -- Attendance: 1909 (95.45%) -- Ticket Income $66,815
Level 2 -- Attendance: 994 (99.40%) -- Ticket Income $14,910
Total Attendance: 2903 (96.77%)
Total Ticket Income: $81,725
Other Income: $4,086
Total Income: $85,811
Moose
5 vs 5 Forward
Center Left Wing Right Wing Time % Phy DF OF
1 Dylan Strome Roope Hintz Mathieu Joseph 40 1 2 2
2 Dominik Kahun Justin Bailey Nathan Walker 30 1 2 2
3 Michael McLeod Nikolay Goldobin Julien Gauthier 20 1 2 2
4 Chase De Leo Boris Katchouk William Bitten 10 1 2 2
5 vs 5 Defense
Defense Defense Time % Phy DF OF
1 Mirco Mueller Ludwig Bystrom 40 1 2 2
2 Nelson Nogier Matthew Benning 30 1 2 2
3 Juuso Valimaki Josh Mahura 20 1 2 2
4 Mirco Mueller Ludwig Bystrom 10 1 2 2
PowerPlay Forward
Center Left Wing Right Wing Time % Phy DF OF
1 Dominik Kahun Justin Bailey Nathan Walker 50 1 1 3
2 Dylan Strome Roope Hintz Mathieu Joseph 50 1 1 3
PowerPlay Defense
Defense Defense Time % Phy DF OF
1 Mirco Mueller Ludwig Bystrom 60 1 2 2
2 Juuso Valimaki Matthew Benning 40 1 2 2
Penalty Kill 4 Players Forward
Center Wing Time % Phy DF OF
1 Dominik Kahun Justin Bailey 60 1 2 2
2 Dylan Strome Roope Hintz 40 1 2 2
Penalty Kill 4 Players Defense
Defense Defense Time % Phy DF OF
1 Mirco Mueller Ludwig Bystrom 60 1 2 2
2 Juuso Valimaki Matthew Benning 40 1 2 2
Penalty Kill - 3 Players Forward
Forward Time % Phy DF OF
1 Dominik Kahun 60 1 2 2
2 Dylan Strome 40 1 2 2
Penalty Kill - 3 Players Defense
Defense Defense Time % Phy DF OF
1 Mirco Mueller Ludwig Bystrom 60 1 2 2
2 Juuso Valimaki Matthew Benning 40 1 2 2
4 vs 4 Forward
Center Wing Time % Phy DF OF
1 Dominik Kahun Justin Bailey 60 1 2 2
2 Dylan Strome Roope Hintz 40 1 2 2
4 vs 4 Defense
Defense Defense Time % Phy DF OF
1 Mirco Mueller Ludwig Bystrom 60 1 2 2
2 Juuso Valimaki Matthew Benning 40 1 2 2
Last Minutes Offensive
Center Left Wing Right Wing Defense Defense
Dylan Strome Roope Hintz Nathan Walker Mirco Mueller Ludwig Bystrom
Last Minutes Defensive
Center Left Wing Right Wing Defense Defense
Dominik Kahun Justin Bailey Nathan Walker Mirco Mueller Ludwig Bystrom
Goaltenders
Starting : Filip Gustavsson
Backup : Brandon Halverson
Extra Forwards
Normal : Mathieu Joseph, Dominik Kahun, Dylan Strome - PP : Mathieu Joseph, Dominik Kahun - PK : Mathieu Joseph
Extra Defensemen
Normal : Matthew Benning, Juuso Valimaki, Josh Mahura - PP : Matthew Benning - PK : Matthew Benning, Juuso Valimaki
Penalty Shots
Nathan Walker, Justin Bailey, Roope Hintz, Nikolay Goldobin, Mathieu Joseph
Scratches
Jake Leschyshyn (Healthy), Erik Cernak (Suspend), Mitchell Stephens (Healthy), Jonathan Kovacevic (Healthy), Jonah Gadjovich (Healthy)
Max Jones (Healthy), Nathan Bastian (Healthy), Tim Gettinger (Healthy), C.J. Smith (Healthy), Joey Daccord (Healthy)
Karel Vejmelka (Healthy), Daniel Vladar (Healthy)
Condors
5 vs 5 Forward
Center Left Wing Right Wing Time % Phy DF OF
1 Mark Jankowski Anton Slepyshev Jesse Puljujarvi 40 1 2 2
2 Mathew Barzal Adam Erne Jake Virtanen 30 1 2 2
3 Phil McRae Tyson Jost Daniel Zaar 20 1 2 2
4 Michael Rasmussen Christian Thomas Kiefer Sherwood 10 1 2 2
5 vs 5 Defense
Defense Defense Time % Phy DF OF
1 Zac Leslie Brett Lernout 40 1 2 2
2 Alexandre Carrier Jack Dougherty 30 1 2 2
3 Philippe Myers Gustav Olofsson 20 1 2 2
4 Emil Djuse Zac Leslie 10 1 2 2
PowerPlay Forward
Center Left Wing Right Wing Time % Phy DF OF
1 Mark Jankowski Anton Slepyshev Daniel Zaar 60 1 2 2
2 Mathew Barzal Adam Erne Jake Virtanen 40 1 2 2
PowerPlay Defense
Defense Defense Time % Phy DF OF
1 Zac Leslie Brett Lernout 60 1 2 2
2 Alexandre Carrier Jack Dougherty 40 1 2 2
Penalty Kill 4 Players Forward
Center Wing Time % Phy DF OF
1 Mark Jankowski Anton Slepyshev 60 1 2 2
2 Mathew Barzal Adam Erne 40 1 2 2
Penalty Kill 4 Players Defense
Defense Defense Time % Phy DF OF
1 Zac Leslie Brett Lernout 60 1 2 2
2 Alexandre Carrier Jack Dougherty 40 1 2 2
Penalty Kill - 3 Players Forward
Forward Time % Phy DF OF
1 Mark Jankowski 60 1 2 2
2 Mathew Barzal 40 1 2 2
Penalty Kill - 3 Players Defense
Defense Defense Time % Phy DF OF
1 Zac Leslie Brett Lernout 60 1 2 2
2 Alexandre Carrier Jack Dougherty 40 1 2 2
4 vs 4 Forward
Center Wing Time % Phy DF OF
1 Mark Jankowski Anton Slepyshev 60 1 2 2
2 Mathew Barzal Adam Erne 40 1 2 2
4 vs 4 Defense
Defense Defense Time % Phy DF OF
1 Zac Leslie Brett Lernout 60 1 2 2
2 Alexandre Carrier Jack Dougherty 40 1 2 2
Last Minutes Offensive
Center Left Wing Right Wing Defense Defense
Mark Jankowski Anton Slepyshev Daniel Zaar Zac Leslie Brett Lernout
Last Minutes Defensive
Center Left Wing Right Wing Defense Defense
Mark Jankowski Anton Slepyshev Daniel Zaar Zac Leslie Brett Lernout
Goaltenders
Starting : Carter Hart
Backup : Mikko Koskinen
Extra Forwards
Normal : Adam Erne, Mathew Barzal, Phil McRae - PP : Adam Erne, Mathew Barzal - PK : Adam Erne
Extra Defensemen
Normal : Philippe Myers, Gustav Olofsson, Emil Djuse - PP : Philippe Myers - PK : Philippe Myers, Gustav Olofsson
Penalty Shots
Anton Slepyshev, Daniel Zaar, Jake Virtanen, Mark Jankowski, Adam Erne
Scratches
Anders Bjork (Healthy), Cole Cassels (Healthy), Colin White (Healthy), Connor Hurley (Healthy), Jeremy Gregoire (Healthy)
Jordan Subban (Healthy), Louis Leblanc (Healthy), Robin Salo (Healthy), Remi Elie (Healthy), Taro Hirose (Healthy)
Clayton Keller (Healthy), Nikolai Knyzhov (Healthy), Lucas Johansen (Healthy), Jack Campbell (Healthy), Arvid Soderblom (Healthy)
% Time on Ice - Moose
Lines # - Real PCT - Wanted PCT - Time Play
Normal Forward
1 - 32% - 40% - 14:26
2 - 32% - 30% - 14:24
3 - 21% - 20% - 9:18
4 - 15% - 10% - 6:47
Normal Defense
1 - 37% - 40% - 16:35
2 - 38% - 30% - 16:59
3 - 22% - 20% - 9:52
4 - 3% - 10% - 1:29
PP Forward
1 - 50% - 50% - 3:36
2 - 50% - 50% - 3:33
PP Defense
1 - 68% - 60% - 4:51
2 - 32% - 40% - 2:18
PK Forward
1 - 73% - 60% - 4:45
2 - 27% - 40% - 1:45
PK Defense
1 - 76% - 60% - 4:56
2 - 24% - 40% - 1:34
PK3 Forward
1 - 0% - 60%
2 - 0% - 40%
PK3 Defense
1 - 0% - 60%
2 - 0% - 40%
44 Forward
1 - 79% - 60% - 5:04
2 - 21% - 40% - 1:22
44 Defense
1 - 57% - 60% - 3:40
2 - 43% - 40% - 2:46
Last Minute Offensive - 0:00
Last Minute Defensive - 0:00
Total
Forward - 65:00
Defense - 65:00
|
% Time on Ice - Condors
Lines # - Real PCT - Wanted PCT - Time Play
Normal Forward
1 - 34% - 40% - 15:05
2 - 30% - 30% - 13:16
3 - 22% - 20% - 10:04
4 - 14% - 10% - 6:30
Normal Defense
1 - 37% - 40% - 16:39
2 - 33% - 30% - 14:38
3 - 21% - 20% - 9:13
4 - 10% - 10% - 4:25
PP Forward
1 - 57% - 60% - 3:42
2 - 43% - 40% - 2:48
PP Defense
1 - 61% - 60% - 3:57
2 - 39% - 40% - 2:33
PK Forward
1 - 74% - 60% - 5:16
2 - 26% - 40% - 1:53
PK Defense
1 - 62% - 60% - 4:24
2 - 38% - 40% - 2:45
PK3 Forward
1 - 0% - 60%
2 - 0% - 40%
PK3 Defense
1 - 0% - 60%
2 - 0% - 40%
44 Forward
1 - 87% - 60% - 5:35
2 - 13% - 40% - 0:51
44 Defense
1 - 54% - 60% - 3:27
2 - 46% - 40% - 2:59
Last Minute Offensive - 0:00
Last Minute Defensive - 0:00
Total
Forward - 65:00
Defense - 65:00
|
Play-by-Play
1st period
0:01 of 1st period - Dylan Strome wins face-off versus Mark Jankowski in neutral zone.
0:48 of 1st period - Slapshot by Christian Thomas.
0:48 of 1st period - Shot Misses the Net.
0:50 of 1st period - Wrist shot by Michael Rasmussen.
0:50 of 1st period - Shot Misses the Net.
0:52 of 1st period - Snap shot by Gustav Olofsson.
0:52 of 1st period - Deflect By Kiefer Sherwood.
0:52 of 1st period - Shot Blocked by Mirco Mueller.
0:52 of 1st period - Puck is out of play.
0:53 of 1st period - Michael Rasmussen wins face-off versus Michael McLeod in Moose zone.
1:25 of 1st period - Roope Hintz is hit by Daniel Zaar and loses puck.
1:42 of 1st period - Wrist shot by Chase De Leo.
1:42 of 1st period - Shot Misses the Net.
1:50 of 1st period - Snap shot by Boris Katchouk.
1:50 of 1st period - Deflect By Gustav Olofsson.
1:50 of 1st period - Shot Blocked by Gustav Olofsson.
1:50 of 1st period - Puck is out of play.
1:51 of 1st period - Mathew Barzal wins face-off versus Dylan Strome in Condors zone.
2:06 of 1st period - Slapshot by Mathew Barzal.
2:06 of 1st period - Stopped by Filip Gustavsson with a rebound.
2:43 of 1st period - Snap shot by Nikolay Goldobin.
2:43 of 1st period - Shot Misses the Net.
2:51 of 1st period - Snap shot by Nikolay Goldobin.
2:51 of 1st period - Stopped by Carter Hart with a rebound.
3:03 of 1st period - Alexandre Carrier is hit by Boris Katchouk and loses puck.
3:10 of 1st period - Chase De Leo is hit by Zac Leslie and loses puck.
3:44 of 1st period - Icing by Gustav Olofsson.
3:45 of 1st period - Mathew Barzal wins face-off versus Nathan Walker in Condors zone.
3:45 of 1st period - Mathew Barzal is hit by Ludwig Bystrom.
3:53 of 1st period - Wrist shot by Jesse Puljujarvi.
3:53 of 1st period - Shot Blocked by Ludwig Bystrom.
3:55 of 1st period - Snap shot by Mark Jankowski.
3:55 of 1st period - Stopped by Filip Gustavsson without a rebound.
3:56 of 1st period - Dylan Strome wins face-off versus Jesse Puljujarvi in Moose zone.
4:21 of 1st period - Zac Leslie is hit by Ludwig Bystrom and loses puck.
4:25 of 1st period - Icing by Brett Lernout.
4:26 of 1st period - Mathew Barzal wins face-off versus Dominik Kahun in Condors zone.
4:53 of 1st period - Backhand shot by Jake Virtanen.
4:53 of 1st period - Stopped by Filip Gustavsson with a rebound.
5:12 of 1st period - Slapshot by Nathan Walker.
5:12 of 1st period - Deflect By Dominik Kahun.
5:12 of 1st period - Shot Misses the Net.
5:12 of 1st period - Puck is out of play.
5:13 of 1st period - Roope Hintz wins face-off versus Mark Jankowski in Condors zone.
5:40 of 1st period - Icing by Michael McLeod.
5:41 of 1st period - Michael McLeod wins face-off versus Michael Rasmussen in Moose zone.
6:13 of 1st period - Snap shot by Mathieu Joseph.
6:13 of 1st period - Stopped by Carter Hart without a rebound.
6:14 of 1st period - Dylan Strome wins face-off versus Mark Jankowski in Condors zone.
6:25 of 1st period - Wrist shot by Mathieu Joseph.
6:25 of 1st period - Shot Blocked by Alexandre Carrier.
6:27 of 1st period - Slapshot by Ludwig Bystrom.
6:27 of 1st period - Stopped by Carter Hart without a rebound.
6:28 of 1st period - Dominik Kahun wins face-off versus Daniel Zaar in Condors zone.
6:29 of 1st period - Snap shot by Nathan Walker.
6:29 of 1st period - Shot Blocked by Zac Leslie.
6:31 of 1st period - Snap shot by Justin Bailey.
6:31 of 1st period - Stopped by Carter Hart without a rebound.
6:32 of 1st period - Dominik Kahun wins face-off versus Phil McRae in Condors zone.
7:01 of 1st period - Snap shot by Dylan Strome.
7:01 of 1st period - Stopped by Carter Hart without a rebound.
7:02 of 1st period - Mark Jankowski wins face-off versus Dylan Strome in Condors zone.
7:08 of 1st period - Slapshot by Mathieu Joseph.
7:08 of 1st period - Stopped by Carter Hart with a rebound.
7:50 of 1st period - Mirco Mueller is hit by Zac Leslie and loses puck.
7:55 of 1st period - Wrist shot by Daniel Zaar.
7:55 of 1st period - Shot Misses the Net.
8:17 of 1st period - Slapshot by Mathew Barzal.
8:17 of 1st period - Stopped by Filip Gustavsson without a rebound.
8:18 of 1st period - Phil McRae wins face-off versus Dylan Strome in Moose zone.
8:28 of 1st period - Off-side.
8:29 of 1st period - Dylan Strome wins face-off versus Mark Jankowski in neutral zone.
8:34 of 1st period - Wrist shot by Dylan Strome.
8:34 of 1st period - Deflect By Mathieu Joseph.
8:34 of 1st period - Shot Hit the Post.
8:34 of 1st period - Puck is out of play.
8:35 of 1st period - Dylan Strome wins face-off versus Mark Jankowski in Condors zone.
8:44 of 1st period - Wrist shot by Roope Hintz.
8:44 of 1st period - Shot Misses the Net.
8:46 of 1st period - Slapshot by Mirco Mueller.
8:46 of 1st period - Deflect By Zac Leslie.
8:46 of 1st period - Stopped by Carter Hart without a rebound.
8:47 of 1st period - Michael McLeod wins face-off versus Mathew Barzal in Condors zone.
9:14 of 1st period - Icing by Jake Virtanen.
9:15 of 1st period - Mathew Barzal wins face-off versus Dominik Kahun in Condors zone.
9:30 of 1st period - Wrist shot by Mark Jankowski.
9:30 of 1st period - Deflect By Jesse Puljujarvi.
9:30 of 1st period - Stopped by Filip Gustavsson with a rebound.
9:42 of 1st period - Tyson Jost is hit by William Bitten and loses puck.
10:54 of 1st period - Snap shot by Dominik Kahun.
10:54 of 1st period - Shot Hit the Post.
11:08 of 1st period - Wrist shot by Phil McRae.
11:08 of 1st period - Stopped by Filip Gustavsson with a rebound.
11:10 of 1st period - Wrist shot by Phil McRae.
11:10 of 1st period - Shot Misses the Net.
11:12 of 1st period - Slapshot by Philippe Myers.
11:12 of 1st period - Deflect By Daniel Zaar.
11:12 of 1st period - Stopped by Filip Gustavsson with a rebound.
11:14 of 1st period - Wrist shot by Phil McRae.
11:14 of 1st period - Deflect By Daniel Zaar.
11:14 of 1st period - Shot Misses the Net.
11:14 of 1st period - Puck is out of play.
11:15 of 1st period - Mathew Barzal wins face-off versus Dylan Strome in Moose zone.
11:26 of 1st period - Snap shot by Adam Erne.
11:26 of 1st period - Stopped by Filip Gustavsson without a rebound.
11:27 of 1st period - Dylan Strome wins face-off versus Mark Jankowski in Moose zone.
11:52 of 1st period - Nathan Walker is hit by Adam Erne.
13:03 of 1st period - Snap shot by Anton Slepyshev.
13:03 of 1st period - Stopped by Filip Gustavsson without a rebound.
13:04 of 1st period - Dominik Kahun wins face-off versus Mathew Barzal in Moose zone.
13:31 of 1st period - Jack Dougherty is hit by Ludwig Bystrom.
14:15 of 1st period - Gustav Olofsson is hit by Nikolay Goldobin and loses puck.
14:38 of 1st period - Icing by Boris Katchouk.
14:39 of 1st period - Mark Jankowski wins face-off versus Chase De Leo in Moose zone.
15:24 of 1st period - Justin Bailey is hit by Daniel Zaar and loses puck.
15:43 of 1st period - Nelson Nogier is hit by Michael Rasmussen and loses puck.
16:09 of 1st period - Matthew Benning is hit by Anton Slepyshev and loses puck.
16:14 of 1st period - Snap shot by Anton Slepyshev.
16:14 of 1st period - Stopped by Filip Gustavsson without a rebound.
16:15 of 1st period - Dylan Strome wins face-off versus Mathew Barzal in Moose zone.
16:26 of 1st period - Snap shot by Dylan Strome.
16:26 of 1st period - Shot Misses the Net.
16:28 of 1st period - Slapshot by Ludwig Bystrom.
16:28 of 1st period - Shot Blocked by Zac Leslie.
16:30 of 1st period - Snap shot by Mathieu Joseph.
16:30 of 1st period - Goal by Mathieu Joseph - Moose : 1 - Condors : 0.
16:31 of 1st period - Mathieu Joseph wins face-off versus Mark Jankowski in neutral zone.
16:40 of 1st period - Snap shot by Roope Hintz.
16:40 of 1st period - Stopped by Carter Hart without a rebound.
16:41 of 1st period - Anton Slepyshev wins face-off versus Dylan Strome in Condors zone.
17:07 of 1st period - Snap shot by Dylan Strome.
17:07 of 1st period - Stopped by Carter Hart without a rebound.
17:08 of 1st period - Dominik Kahun wins face-off versus Mathew Barzal in Condors zone.
17:09 of 1st period - Snap shot by Nathan Walker.
17:09 of 1st period - Stopped by Carter Hart with a rebound.
17:11 of 1st period - Snap shot by Justin Bailey.
17:11 of 1st period - Shot Misses the Net.
17:13 of 1st period - Snap shot by Juuso Valimaki.
17:13 of 1st period - Shot Blocked by Jake Virtanen.
17:15 of 1st period - Slapshot by Juuso Valimaki.
17:15 of 1st period - Shot Misses the Net.
17:17 of 1st period - Slapshot by Josh Mahura.
17:17 of 1st period - Stopped by Carter Hart without a rebound.
17:18 of 1st period - Dominik Kahun wins face-off versus Mathew Barzal in Condors zone.
17:27 of 1st period - Snap shot by Nathan Walker.
17:27 of 1st period - Shot Misses the Net.
17:29 of 1st period - Backhand shot by Nathan Walker.
17:29 of 1st period - Stopped by Carter Hart with a rebound.
17:41 of 1st period - Slapshot by Dominik Kahun.
17:41 of 1st period - Stopped by Carter Hart with a rebound.
17:43 of 1st period - Slapshot by Juuso Valimaki.
17:43 of 1st period - Shot Misses the Net.
17:45 of 1st period - Slapshot by Josh Mahura.
17:45 of 1st period - Shot Misses the Net.
17:47 of 1st period - Snap shot by Justin Bailey.
17:47 of 1st period - Stopped by Carter Hart with a rebound.
17:53 of 1st period - Snap shot by Nathan Walker.
17:53 of 1st period - Shot Misses the Net.
18:07 of 1st period - Wrist shot by Nathan Walker.
18:07 of 1st period - Shot Misses the Net.
18:21 of 1st period - Snap shot by Justin Bailey.
18:21 of 1st period - Stopped by Carter Hart with a rebound.
18:23 of 1st period - Snap shot by Justin Bailey.
18:23 of 1st period - Shot Misses the Net.
18:25 of 1st period - Wrist shot by Dominik Kahun.
18:25 of 1st period - Stopped by Carter Hart without a rebound.
18:26 of 1st period - Dylan Strome wins face-off versus Mark Jankowski in Condors zone.
18:32 of 1st period - Minor Penalty to Brett Lernout for Tripping.
18:33 of 1st period - Mark Jankowski wins face-off versus Dylan Strome in Condors zone.
18:33 of 1st period - Mark Jankowski is hit by Roope Hintz.
Goals for this period are 1 for Moose vs 0 for Condors.
Shots for this period are 17 for Moose vs 10 for Condors.
2nd period
0:01 of 2nd period - Mark Jankowski wins face-off versus Justin Bailey in neutral zone.
0:14 of 2nd period - Anton Slepyshev is hit by Mirco Mueller and loses puck.
0:32 of 2nd period - Penalty to Brett Lernout is over, Brett Lernout is back on ice.
0:35 of 2nd period - Slapshot by Roope Hintz.
0:35 of 2nd period - Shot Blocked by Adam Erne.
0:55 of 2nd period - Snap shot by Chase De Leo.
0:55 of 2nd period - Stopped by Carter Hart without a rebound.
0:56 of 2nd period - Dylan Strome wins face-off versus Mark Jankowski in Condors zone.
1:05 of 2nd period - Wrist shot by Dylan Strome.
1:05 of 2nd period - Shot Misses the Net.
1:19 of 2nd period - Minor Penalty to Nelson Nogier for Hooking.
1:20 of 2nd period - Dominik Kahun wins face-off versus Mark Jankowski in Moose zone.
1:45 of 2nd period - Mirco Mueller is hit by Zac Leslie and loses puck.
3:19 of 2nd period - Penalty to Nelson Nogier is over, Nelson Nogier is back on ice.
3:32 of 2nd period - Slapshot by Dylan Strome.
3:32 of 2nd period - Shot Misses the Net.
3:48 of 2nd period - Slapshot by Zac Leslie.
3:48 of 2nd period - Deflect By Jesse Puljujarvi.
3:48 of 2nd period - Shot Misses the Net.
3:48 of 2nd period - Puck is out of play.
3:49 of 2nd period - Michael McLeod wins face-off versus Phil McRae in Moose zone.
3:56 of 2nd period - Phil McRae is hit by Ludwig Bystrom and loses puck.
4:03 of 2nd period - Wrist shot by Nikolay Goldobin.
4:03 of 2nd period - Shot Misses the Net.
4:05 of 2nd period - Wrist shot by Nikolay Goldobin.
4:05 of 2nd period - Stopped by Carter Hart without a rebound.
4:06 of 2nd period - Mark Jankowski wins face-off versus Dominik Kahun in Condors zone.
4:18 of 2nd period - Off-side.
4:19 of 2nd period - Mark Jankowski wins face-off versus Dylan Strome in neutral zone.
4:46 of 2nd period - Daniel Zaar is hit by Nathan Walker and loses puck.
5:07 of 2nd period - Ludwig Bystrom is hit by Brett Lernout and loses puck.
5:33 of 2nd period - Snap shot by Chase De Leo.
5:33 of 2nd period - Shot Misses the Net.
5:35 of 2nd period - Slapshot by Mirco Mueller.
5:35 of 2nd period - Shot Blocked by Brett Lernout.
5:48 of 2nd period - Icing by Zac Leslie.
5:49 of 2nd period - Mark Jankowski wins face-off versus Dylan Strome in Condors zone.
5:54 of 2nd period - Wrist shot by Mark Jankowski.
5:54 of 2nd period - Shot Hit the Post.
6:30 of 2nd period - Slapshot by Zac Leslie.
6:30 of 2nd period - Deflect By Anton Slepyshev.
6:30 of 2nd period - Shot Blocked by Dylan Strome.
6:30 of 2nd period - Puck is out of play.
6:31 of 2nd period - Phil McRae wins face-off versus Dominik Kahun in Moose zone.
6:34 of 2nd period - Snap shot by Daniel Zaar.
6:34 of 2nd period - Stopped by Filip Gustavsson with a rebound.
6:40 of 2nd period - Ludwig Bystrom is hit by Daniel Zaar and loses puck.
7:26 of 2nd period - Backhand shot by Kiefer Sherwood.
7:26 of 2nd period - Stopped by Filip Gustavsson without a rebound.
7:27 of 2nd period - Kiefer Sherwood wins face-off versus Dylan Strome in Moose zone.
7:28 of 2nd period - Snap shot by Christian Thomas.
7:28 of 2nd period - Shot Blocked by Nelson Nogier.
8:43 of 2nd period - Slapshot by Jake Virtanen.
8:43 of 2nd period - Stopped by Filip Gustavsson with a rebound.
8:45 of 2nd period - Slapshot by Jake Virtanen.
8:45 of 2nd period - Stopped by Filip Gustavsson with a rebound.
8:50 of 2nd period - Minor Penalty to Nelson Nogier for Interference.
8:51 of 2nd period - Mark Jankowski wins face-off versus Dominik Kahun in Moose zone.
8:59 of 2nd period - Slapshot by Anton Slepyshev.
8:59 of 2nd period - Shot Hit the Post.
9:01 of 2nd period - Slapshot by Brett Lernout.
9:01 of 2nd period - Shot Blocked by Mirco Mueller.
10:50 of 2nd period - Penalty to Nelson Nogier is over, Nelson Nogier is back on ice.
11:02 of 2nd period - Zac Leslie is hit by Boris Katchouk and loses puck.
11:13 of 2nd period - Wrist shot by Boris Katchouk.
11:13 of 2nd period - Stopped by Carter Hart without a rebound.
11:14 of 2nd period - Michael McLeod wins face-off versus Phil McRae in Condors zone.
12:10 of 2nd period - Off-side.
12:11 of 2nd period - Mark Jankowski wins face-off versus Dominik Kahun in neutral zone.
12:26 of 2nd period - Wrist shot by Anton Slepyshev.
12:26 of 2nd period - Stopped by Filip Gustavsson with a rebound.
12:34 of 2nd period - Wrist shot by Dominik Kahun.
12:34 of 2nd period - Stopped by Carter Hart with a rebound.
12:36 of 2nd period - Wrist shot by Nathan Walker.
12:36 of 2nd period - Stopped by Carter Hart without a rebound.
12:37 of 2nd period - Mathew Barzal wins face-off versus Dylan Strome in Condors zone.
12:37 of 2nd period - Mathew Barzal is hit by Mathieu Joseph.
12:49 of 2nd period - Backhand shot by Adam Erne.
12:49 of 2nd period - Shot Blocked by Mathieu Joseph.
12:51 of 2nd period - Snap shot by Brett Lernout.
12:51 of 2nd period - Shot Misses the Net.
12:53 of 2nd period - Slapshot by Zac Leslie.
12:53 of 2nd period - Shot Blocked by Matthew Benning.
13:30 of 2nd period - Minor Penalty to Jesse Puljujarvi for Tripping.
13:31 of 2nd period - Mark Jankowski wins face-off versus Dominik Kahun in Condors zone.
14:09 of 2nd period - Wrist shot by Dylan Strome.
14:09 of 2nd period - Goal by Dylan Strome - Moose : 2 - Condors : 0.
14:10 of 2nd period - Mark Jankowski wins face-off versus Dylan Strome in neutral zone.
14:35 of 2nd period - Mathew Barzal is hit by Nathan Walker and loses puck.
15:18 of 2nd period - Wrist shot by Christian Thomas.
15:18 of 2nd period - Stopped by Filip Gustavsson without a rebound.
15:19 of 2nd period - Michael McLeod wins face-off versus Michael Rasmussen in Moose zone.
15:19 of 2nd period - Michael McLeod is hit by Michael Rasmussen.
15:29 of 2nd period - Wrist shot by Michael McLeod.
15:29 of 2nd period - Stopped by Carter Hart without a rebound.
15:30 of 2nd period - Mark Jankowski wins face-off versus Dylan Strome in Condors zone.
15:41 of 2nd period - Snap shot by Mathieu Joseph.
15:41 of 2nd period - Deflect By Anton Slepyshev.
15:41 of 2nd period - Shot Blocked by Zac Leslie.
15:41 of 2nd period - Puck is out of play.
15:42 of 2nd period - Mark Jankowski wins face-off versus Mathieu Joseph in Condors zone.
15:47 of 2nd period - Slapshot by Zac Leslie.
15:47 of 2nd period - Deflect By Mirco Mueller.
15:47 of 2nd period - Stopped by Filip Gustavsson with a rebound.
15:49 of 2nd period - Slapshot by Brett Lernout.
15:49 of 2nd period - Stopped by Filip Gustavsson with a rebound.
15:51 of 2nd period - Snap shot by Anton Slepyshev.
15:51 of 2nd period - Stopped by Filip Gustavsson with a rebound.
15:53 of 2nd period - Slapshot by Zac Leslie.
15:53 of 2nd period - Deflect By Anton Slepyshev.
15:53 of 2nd period - Shot Misses the Net.
15:53 of 2nd period - Puck is out of play.
15:54 of 2nd period - Mark Jankowski wins face-off versus Dylan Strome in Moose zone.
16:21 of 2nd period - Brett Lernout is hit by Nathan Walker and loses puck.
16:40 of 2nd period - Dominik Kahun is hit by Kiefer Sherwood and loses puck.
16:56 of 2nd period - Snap shot by Nathan Walker.
16:56 of 2nd period - Shot Misses the Net.
17:10 of 2nd period - Backhand shot by Daniel Zaar.
17:10 of 2nd period - Goal by Daniel Zaar - Moose : 2 - Condors : 1.
17:11 of 2nd period - Dylan Strome wins face-off versus Mark Jankowski in neutral zone.
17:11 of 2nd period - Dylan Strome is hit by Anton Slepyshev.
17:28 of 2nd period - Minor Penalty to Brett Lernout for Tripping.
17:29 of 2nd period - Mark Jankowski wins face-off versus Justin Bailey in Condors zone.
18:08 of 2nd period - Slapshot by Adam Erne.
18:08 of 2nd period - Stopped by Filip Gustavsson with a rebound.
18:10 of 2nd period - Snap shot by Adam Erne.
18:10 of 2nd period - Stopped by Filip Gustavsson with a rebound.
18:12 of 2nd period - Slapshot by Philippe Myers.
18:12 of 2nd period - Shot Blocked by Roope Hintz.
19:28 of 2nd period - Penalty to Brett Lernout is over, Brett Lernout is back on ice.
19:40 of 2nd period - Wrist shot by Anton Slepyshev.
19:40 of 2nd period - Shot Misses the Net.
19:42 of 2nd period - Snap shot by Brett Lernout.
19:42 of 2nd period - Deflect By Nikolay Goldobin.
19:42 of 2nd period - Shot Misses the Net.
19:42 of 2nd period - Puck is out of play.
19:43 of 2nd period - Chase De Leo wins face-off versus Phil McRae in Moose zone.
19:48 of 2nd period - Snap shot by Chase De Leo.
19:48 of 2nd period - Stopped by Carter Hart with a rebound.
Goals for this period are 1 for Moose vs 1 for Condors.
Shots for this period are 8 for Moose vs 12 for Condors.
3rd period
0:01 of 3rd period - Jesse Puljujarvi wins face-off versus Dylan Strome in neutral zone.
0:30 of 3rd period - Off-side.
0:31 of 3rd period - Dominik Kahun wins face-off versus Mathew Barzal in neutral zone.
0:56 of 3rd period - Nelson Nogier is hit by Mark Jankowski and loses puck.
1:27 of 3rd period - Snap shot by Daniel Zaar.
1:27 of 3rd period - Stopped by Filip Gustavsson with a rebound.
1:43 of 3rd period - Wrist shot by Daniel Zaar.
1:43 of 3rd period - Shot Misses the Net.
1:45 of 3rd period - Slapshot by Zac Leslie.
1:45 of 3rd period - Stopped by Filip Gustavsson with a rebound.
1:47 of 3rd period - Wrist shot by Tyson Jost.
1:47 of 3rd period - Stopped by Filip Gustavsson with a rebound.
1:49 of 3rd period - Snap shot by Phil McRae.
1:49 of 3rd period - Shot Blocked by Mirco Mueller.
1:51 of 3rd period - Slapshot by Zac Leslie.
1:51 of 3rd period - Deflect By Daniel Zaar.
1:51 of 3rd period - Stopped by Filip Gustavsson with a rebound.
2:31 of 3rd period - Snap shot by Daniel Zaar.
2:31 of 3rd period - Shot Misses the Net.
2:33 of 3rd period - Slapshot by Brett Lernout.
2:33 of 3rd period - Deflect By Daniel Zaar.
2:33 of 3rd period - Shot Misses the Net.
2:33 of 3rd period - Puck is out of play.
2:34 of 3rd period - Mark Jankowski wins face-off versus Dylan Strome in Moose zone.
2:41 of 3rd period - Wrist shot by Anton Slepyshev.
2:41 of 3rd period - Stopped by Filip Gustavsson without a rebound.
2:42 of 3rd period - Roope Hintz wins face-off versus Anton Slepyshev in Moose zone.
2:42 of 3rd period - Roope Hintz is hit by Anton Slepyshev.
2:54 of 3rd period - Roope Hintz is hit by Anton Slepyshev and loses puck.
3:03 of 3rd period - Roope Hintz is hit by Jack Dougherty and loses puck.
4:23 of 3rd period - Snap shot by Jesse Puljujarvi.
4:23 of 3rd period - Stopped by Filip Gustavsson without a rebound.
4:24 of 3rd period - Mathew Barzal wins face-off versus Dominik Kahun in Moose zone.
4:27 of 3rd period - Wrist shot by Mathew Barzal.
4:27 of 3rd period - Goal by Mathew Barzal - Moose : 2 - Condors : 2.
4:28 of 3rd period - Dominik Kahun wins face-off versus Mathew Barzal in neutral zone.
4:53 of 3rd period - Zac Leslie is hit by William Bitten and loses puck.
5:43 of 3rd period - Wrist shot by Nathan Walker.
5:43 of 3rd period - Shot Misses the Net.
5:45 of 3rd period - Slapshot by Nathan Walker.
5:45 of 3rd period - Deflect By Philippe Myers.
5:45 of 3rd period - Shot Misses the Net.
5:45 of 3rd period - Puck is out of play.
5:46 of 3rd period - Phil McRae wins face-off versus Dominik Kahun in Condors zone.
5:46 of 3rd period - Phil McRae is hit by Nelson Nogier.
5:51 of 3rd period - Minor Penalty to Dominik Kahun for Hooking.
5:52 of 3rd period - Mathieu Joseph wins face-off versus Mark Jankowski in Moose zone.
5:52 of 3rd period - Mathieu Joseph is hit by Mark Jankowski.
6:24 of 3rd period - Minor Penalty to Adam Erne for Holding.
6:25 of 3rd period - Mathieu Joseph wins face-off versus Mark Jankowski in Condors zone.
6:28 of 3rd period - Snap shot by Justin Bailey.
6:28 of 3rd period - Stopped by Carter Hart with a rebound.
7:31 of 3rd period - Nikolay Goldobin is hit by Zac Leslie and loses puck.
7:51 of 3rd period - Penalty to Dominik Kahun is over, Dominik Kahun is back on ice.
7:57 of 3rd period - Slapshot by Juuso Valimaki.
7:57 of 3rd period - Stopped by Carter Hart with a rebound.
8:03 of 3rd period - Slapshot by Nikolay Goldobin.
8:03 of 3rd period - Stopped by Carter Hart without a rebound.
8:04 of 3rd period - Mathew Barzal wins face-off versus Dylan Strome in Condors zone.
8:11 of 3rd period - Snap shot by Dylan Strome.
8:11 of 3rd period - Stopped by Carter Hart with a rebound.
8:13 of 3rd period - Slapshot by Mirco Mueller.
8:13 of 3rd period - Stopped by Carter Hart with a rebound.
8:15 of 3rd period - Wrist shot by Mathieu Joseph.
8:15 of 3rd period - Stopped by Carter Hart with a rebound.
8:17 of 3rd period - Slapshot by Mirco Mueller.
8:17 of 3rd period - Shot Blocked by Christian Thomas.
8:24 of 3rd period - Penalty to Adam Erne is over, Adam Erne is back on ice.
8:27 of 3rd period - Zac Leslie is hit by Nikolay Goldobin.
8:45 of 3rd period - Snap shot by Dominik Kahun.
8:45 of 3rd period - Stopped by Carter Hart with a rebound.
8:52 of 3rd period - Minor Penalty to Ludwig Bystrom for Tripping.
8:53 of 3rd period - Dominik Kahun wins face-off versus Mark Jankowski in Moose zone.
8:58 of 3rd period - Off-side.
8:59 of 3rd period - Mark Jankowski wins face-off versus Dominik Kahun in neutral zone.
9:02 of 3rd period - Snap shot by Daniel Zaar.
9:02 of 3rd period - Shot Misses the Net.
9:04 of 3rd period - Slapshot by Daniel Zaar.
9:04 of 3rd period - Shot Misses the Net.
9:45 of 3rd period - Zac Leslie is hit by Roope Hintz and loses puck.
10:52 of 3rd period - Penalty to Ludwig Bystrom is over, Ludwig Bystrom is back on ice.
11:52 of 3rd period - Kiefer Sherwood is hit by Nikolay Goldobin and loses puck.
12:03 of 3rd period - Snap shot by Nathan Walker.
12:03 of 3rd period - Shot Blocked by Alexandre Carrier.
12:05 of 3rd period - Snap shot by Juuso Valimaki.
12:05 of 3rd period - Deflect By Justin Bailey.
12:05 of 3rd period - Shot Blocked by Jack Dougherty.
12:05 of 3rd period - Puck is out of play.
12:06 of 3rd period - Dominik Kahun wins face-off versus Mark Jankowski in Condors zone.
12:19 of 3rd period - Snap shot by Nathan Walker.
12:19 of 3rd period - Stopped by Carter Hart with a rebound.
12:45 of 3rd period - Snap shot by Roope Hintz.
12:45 of 3rd period - Shot Blocked by Emil Djuse.
12:47 of 3rd period - Wrist shot by Dylan Strome.
12:47 of 3rd period - Stopped by Carter Hart with a rebound.
12:49 of 3rd period - Snap shot by Roope Hintz.
12:49 of 3rd period - Stopped by Carter Hart with a rebound.
13:01 of 3rd period - Slapshot by Zac Leslie.
13:01 of 3rd period - Stopped by Filip Gustavsson with a rebound.
13:57 of 3rd period - Icing by Nelson Nogier.
13:58 of 3rd period - Dominik Kahun wins face-off versus Mathew Barzal in Moose zone.
13:58 of 3rd period - Dominik Kahun is hit by Jake Virtanen.
14:03 of 3rd period - Off-side.
14:04 of 3rd period - Mathew Barzal wins face-off versus Dominik Kahun in neutral zone.
14:06 of 3rd period - Minor Penalty to Mathew Barzal for Roughing.
14:07 of 3rd period - Justin Bailey wins face-off versus Mark Jankowski in Condors zone.
14:58 of 3rd period - Snap shot by Adam Erne.
14:58 of 3rd period - Stopped by Filip Gustavsson with a rebound.
15:10 of 3rd period - Slapshot by Ludwig Bystrom.
15:10 of 3rd period - Stopped by Carter Hart without a rebound.
15:11 of 3rd period - Adam Erne wins face-off versus Dominik Kahun in Condors zone.
15:36 of 3rd period - Dominik Kahun is hit by Adam Erne and loses puck.
16:06 of 3rd period - Penalty to Mathew Barzal is over, Mathew Barzal is back on ice.
16:54 of 3rd period - Icing by Boris Katchouk.
16:55 of 3rd period - Chase De Leo wins face-off versus Anton Slepyshev in Moose zone.
17:25 of 3rd period - Off-side.
17:26 of 3rd period - Michael McLeod wins face-off versus Phil McRae in neutral zone.
17:32 of 3rd period - Snap shot by Michael McLeod.
17:32 of 3rd period - Shot Misses the Net.
17:40 of 3rd period - Slapshot by Michael McLeod.
17:40 of 3rd period - Shot Blocked by Brett Lernout.
17:42 of 3rd period - Wrist shot by Michael McLeod.
17:42 of 3rd period - Shot Blocked by Zac Leslie.
18:01 of 3rd period - Wrist shot by Jesse Puljujarvi.
18:01 of 3rd period - Shot Misses the Net.
18:03 of 3rd period - Wrist shot by Jesse Puljujarvi.
18:03 of 3rd period - Shot Misses the Net.
18:05 of 3rd period - Slapshot by Zac Leslie.
18:05 of 3rd period - Stopped by Filip Gustavsson with a rebound.
18:17 of 3rd period - Jake Virtanen is hit by Justin Bailey and loses puck.
18:34 of 3rd period - Justin Bailey is hit by Alexandre Carrier and loses puck.
18:41 of 3rd period - Mathew Barzal is hit by Nathan Walker.
19:05 of 3rd period - Snap shot by Adam Erne.
19:05 of 3rd period - Shot Blocked by Nelson Nogier.
19:23 of 3rd period - Adam Erne is hit by Nelson Nogier and loses puck.
19:43 of 3rd period - Snap shot by Jake Virtanen.
19:43 of 3rd period - Stopped by Filip Gustavsson without a rebound.
19:44 of 3rd period - Dylan Strome wins face-off versus Phil McRae in Moose zone.
19:49 of 3rd period - Slapshot by Ludwig Bystrom.
19:49 of 3rd period - Shot Blocked by Daniel Zaar.
19:51 of 3rd period - Snap shot by Mathieu Joseph.
19:51 of 3rd period - Shot Misses the Net.
Goals for this period are 0 for Moose vs 1 for Condors.
Shots for this period are 11 for Moose vs 11 for Condors.
Overtime #1
0:01 of 1st overtime period - Mark Jankowski wins face-off versus Dominik Kahun in neutral zone.
0:04 of 1st overtime period - Justin Bailey is hit by Brett Lernout and loses puck.
0:09 of 1st overtime period - Slapshot by Anton Slepyshev.
0:09 of 1st overtime period - Shot Blocked by Mirco Mueller.
0:11 of 1st overtime period - Snap shot by Mark Jankowski.
0:11 of 1st overtime period - Stopped by Filip Gustavsson with a rebound.
0:13 of 1st overtime period - Slapshot by Zac Leslie.
0:13 of 1st overtime period - Stopped by Filip Gustavsson with a rebound.
0:43 of 1st overtime period - Snap shot by Dylan Strome.
0:43 of 1st overtime period - Stopped by Carter Hart without a rebound.
0:44 of 1st overtime period - Mark Jankowski wins face-off versus Dylan Strome in Condors zone.
1:20 of 1st overtime period - Slapshot by Juuso Valimaki.
1:20 of 1st overtime period - Stopped by Carter Hart without a rebound.
1:21 of 1st overtime period - Mark Jankowski wins face-off versus Dominik Kahun in Condors zone.
3:59 of 1st overtime period - Adam Erne is hit by Ludwig Bystrom and loses puck.
Goals for this period are 0 for Moose vs 0 for Condors.
Shots for this period are 2 for Moose vs 2 for Condors.
ShootOut
5:00 of 1st overtime period - Round #1.
5:00 of 1st overtime period - Moose, Nathan Walker.
5:00 of 1st overtime period - Deke by Nathan Walker.
5:00 of 1st overtime period - Goal by Nathan Walker.
5:00 of 1st overtime period - Condors, Anton Slepyshev.
5:00 of 1st overtime period - Snap shot by Anton Slepyshev.
5:00 of 1st overtime period - Stopped by Filip Gustavsson.
5:00 of 1st overtime period - Round #2.
5:00 of 1st overtime period - Moose, Justin Bailey.
5:00 of 1st overtime period - Wrist shot by Justin Bailey.
5:00 of 1st overtime period - Goal by Justin Bailey.
5:00 of 1st overtime period - Condors, Daniel Zaar.
5:00 of 1st overtime period - Deke by Daniel Zaar.
5:00 of 1st overtime period - Goal by Daniel Zaar.
5:00 of 1st overtime period - Round #3.
5:00 of 1st overtime period - Moose, Roope Hintz.
5:00 of 1st overtime period - Snap shot by Roope Hintz.
5:00 of 1st overtime period - Goal by Roope Hintz.